[Event "Mitropa Cup Women 2022"]
[Site "Corte"]
[Date "2022.05.04"]
[Round "5.4"]
[White "Zhuang, Yongzhe"]
[Black "Koubova, Anna Marie"]
[Result "0-1"]
[ECO "C01"]
[WhiteElo "1701"]
[BlackElo "2115"]
[Annotator "TA"]
[PlyCount "72"]
[EventDate "2022.04.30"]
[EventType "team-tourn"]
[EventCountry "FRA"]
[SourceTitle "playchess.com"]
[Source "ChessBase"]
[SourceQuality "1"]
[WhiteTeam "Switzerland"]
[BlackTeam "Czech Republic"]
[WhiteTeamCountry "SUI"]
[BlackTeamCountry "CZE"]
[TimeControl "40/5400+30:1800+30"]

1. e4 e6 2. d4 d5 3. exd5 exd5 4. Nf3 Nf6 5. Bd3 c5 6. c3 Be7 {[%emt 0:06:35] B22: Sicilian: 2 c3.} 7. h3 O-O 8. O-O h6 {[%emt 0:01:14] The position is equal.} 9. dxc5 Bxc5 10. Nbd2 Nc6 11. Nb3 Bb6 12. Nbd4 Bc7 13. Be3 a6 14. Qc2 Qd6 15. Rfe1 Re8 16. Rad1 {[%emt 0:03:26] [#]} Ne4 $146 ({Predecessor:} 16... Bd7 17. a3 Rac8 18. c4 dxc4 19. Bxc4 Nxd4 20. Rxd4 Qc6 21. Rc1 Bb6 22. Qb3 Kh8 23. Bxf7 Rxe3 24. Rxc6 Rxb3 25. Rxc8+ Bxc8 26. Bxb3 Bxd4 27. Nxd4 {1-0 (49) Vignesh,N (2445)-Hajiyeva,L (1974) Chess.com INT 2021}) 17. Nxc6 bxc6 18. c4 Bf5 19. c5 (19. Rc1 $5 ) 19... Qd7 (19... Qe7 $11) 20. Bxh6 $2 Bxh3 $2 21. Bxe4 $16 {[%emt 0:08:17] Black must now prevent Bh7+.} gxh6 $4 (21... Qg4 $16 22. Nh2 Qh5 23. Bh7+ (23. gxh3 Qxh3 24. Bh7+ Kh8 $16) 23... Kh8 24. gxh3 (24. Rxe8+ Rxe8 25. gxh3 Qxh3 $11) 24... Qxh3) 22. gxh3 $18 Qxh3 23. Bh7+ Kh8 (23... Kf8 {was worth a try.} 24. Rxe8+ Rxe8) 24. Qc3+ d4 (24... Kxh7 $2 25. Ng5+ $1 hxg5 26. Qxh3+) 25. Rxe8+ Rxe8 {[%emt 0:00:14] [#]} 26. Rxd4 f6 {[%emt 0:06:44] [#]} (26... Bh2+ 27. Nxh2) 27. Rd6 $2 Qg4+ $40 {[%emt 0:01:00][%mdl 128] Black has some attack.} (27... Bxd6 $2 28. Qxf6+ Kxh7 29. Qf7+ Kh8 30. Qxe8+ Kg7 31. cxd6 $18) 28. Kh1 $2 (28. Kf1 $1 $11 {and White is okay.} Bxd6 29. Qxf6+ Qg7 30. Qg6 (30. Qxd6 Kxh7 31. Qxc6 Qe7 $15)) 28... Bxd6 $2 (28... Kxh7 $19 29. Qd3+ (29. Rxc6 {leads to mate.} Qh3+ 30. Kg1 Rg8+) 29... Kh8) 29. Qxf6+ $17 Qg7 30. Qxd6 (30. Qxg7+ $17 {is a better defense.} Kxg7 31. cxd6 Kxh7 32. d7) 30... Kxh7 $19 31. Qxc6 $17 {[%emt 0:00:28][%mdl 4096] Endgame KQR-KQN} Rf8 32. Qe4+ Qg6 {[%emt 0:00:24][%mdl 1024] Black has strong compensation.} 33. Qe7+ ({But not} 33. Nd2 $2 Rxf2 34. Qd5 h5 $19) (33. Qxg6+ $17 Kxg6 34. Kg2) 33... Rf7 $19 {[%emt 0:00:20] Black is clearly winning.} 34. Qe3 Qh5+ (34... Rg7 $142 35. Ng5+ Qxg5 36. Qxg5 Rxg5) 35. Kg2 Qg4+ {[%emt 0:00:22][%mdl 64] Deflection} 36. Kh2 Qxf3 {[%emt 0:00:32] Black used his chance.  Weighted Error Value: White=0.91/Black=0.80} (36... Rxf3 $142 37. Qe7+ Kg6 38. Qe8+ Rf7) 0-1

[Event "Mitropa Cup Women 2022"]
[Site "Corte"]
[Date "2022.05.04"]
[Round "5.5"]
[White "Guichard, Pauline"]
[Black "Exler, Veronika"]
[Result "1/2-1/2"]
[ECO "D85"]
[WhiteElo "2377"]
[BlackElo "2140"]
[Annotator "TA"]
[PlyCount "67"]
[EventDate "2022.04.30"]
[EventType "team-tourn"]
[EventCountry "FRA"]
[SourceTitle "playchess.com"]
[Source "ChessBase"]
[SourceQuality "1"]
[WhiteTeam "France"]
[WhiteTeamCountry "FRA"]
[TimeControl "40/5400+30:1800+30"]

1. d4 Nf6 2. c4 g6 3. Nc3 d5 4. cxd5 Nxd5 5. Nf3 Bg7 6. e4 Nxc3 7. bxc3 c5 8. Bb5+ Nc6 $1 {[%emt 0:02:38] 8...Nc6 scores better than 8...Bd7.} 9. d5 {[%emt 0:15:06] [#] D85: Exchange Grünfeld: Unusual White 7th moves and lines with 7 Nf3.} Qa5 $1 10. Rb1 Bxc3+ 11. Bd2 a6 12. Ba4 {[%emt 0:01:46][%mdl 64] Pin} Bxd2+ $1 13. Nxd2 {[%emt 0:00:23] [#]} b5 $1 {[%emt 0:00:47] Strongly threatening ...Nd4.} 14. dxc6 bxa4 15. O-O {[%emt 0:09:15] Threatens to win with Nc4.} Be6 {[%emt 0:07:38] Against Nc4} 16. Nf3 O-O $1 17. Qc1 Rac8 (17... Bxa2 18. Rb7 $11) (17... Rfc8 $17 18. Qh6 f6) 18. Qh6 (18. Rb7 $1 $11 Rc7 19. Rxc7 Qxc7 20. Qxc5) 18... f6 $17 19. Rb7 Rc7 ({Better is} 19... Rf7 $17 20. e5 Rxc6 21. Rb8+ Rc8 22. Rxc8+ Bxc8) 20. h4 $1 $15 {[%emt 0:02:56][%cal Bh2h4,Bh4h5][%mdl 32] [#]} Rxb7 $146 (20... Bc8 $1 $15 21. Rb8 c4) ({Predecessor:} 20... Bg4 21. Qf4 Bxf3 22. Qxc7 Qxc7 23. Rxc7 Bxe4 24. Re1 Bd5 25. Rexe7 Rb8 26. Rxh7 Bxc6 {1-0 (35) Can,E (2569)-Aizenberg,B (2309) Reykjavik 2021}) 21. cxb7 $11 Qb6 $1 22. h5 g5 23. Rc1 g4 $36 {[%emt 0:00:53][%mdl 2048] Black is pushing.} 24. Nh4 (24. Ng5 $1 $11 fxg5 25. Qxg5+ Kf7 26. Qf4+ Kg8 27. Qg5+ Kf7 28. Qf4+ Kg8 29. Qg5+) 24... Qxb7 $17 25. e5 (25. Ng6 $17 {was called for.} Re8 26. e5) 25... Qd5 $19 26. Ng6 {[%emt 0:06:04] [#]} (26. g3 $142) 26... Re8 $2 ({Much less strong is} 26... hxg6 27. hxg6 Rf7 28. gxf7+ Kxf7 29. exf6 exf6 30. Qh7+ Kf8 31. Qh8+ Kf7 32. Qh7+ Ke8 33. Rb1 $18) (26... Rf7 $1 $19 27. Rb1 Qd8 28. exf6 exf6) 27. Re1 $1 $11 Qd7 28. Nf4 (28. a3 $1 $11 {was the only way to keep the balance.}) 28... Bxa2 $17 {[%emt 0:00:30] Hoping for ...a3.} 29. Kh2 {[%emt 0:06:28] [#]} (29. Re3 $17 {was worth a try.}) 29... Bb3 $2 (29... Rf8 $1 $19 {aiming for ...a5.} 30. Re3 Bc4) 30. Re3 (30. exf6 $11 {remains equal.} exf6 31. Rxe8+ Qxe8 32. Qxf6) 30... Rf8 31. Ng6 $2 Re8 $2 ({Inferior is} 31... hxg6 32. Qxg6+ Kh8 33. Qh6+ Kg8 34. Qg6+ Kh8 35. Qh6+ Kg8 36. Qg6+ $11) (31... Rf7 $19 32. exf6 exf6) 32. Nf4 $11 Rf8 $2 (32... a5 $11) 33. Ng6 $1 $19 Re8 ({And not} 33... hxg6 34. Qxg6+ Kh8 35. Qh6+ Kg8 36. Qg6+ Kh8 37. Qh6+ Kg8 38. Qg6+ $11) (33... Rf7 $19 34. Nf4 Qc8 35. exf6 exf6) 34. Nf4 {[%emt 0:00:26] Weighted Error Value: White=0.45/Black=0.54} 1/2-1/2

[Event "Mitropa Cup Women 2022"]
[Site "Corte"]
[Date "2022.05.04"]
[Round "5.6"]
[White "Trippold, Denise"]
[Black "Navrotescu, Andreea"]
[Result "0-1"]
[ECO "A10"]
[WhiteElo "2131"]
[BlackElo "2318"]
[Annotator "TA"]
[PlyCount "70"]
[EventDate "2022.04.30"]
[EventType "team-tourn"]
[EventCountry "FRA"]
[SourceTitle "playchess.com"]
[Source "ChessBase"]
[SourceQuality "1"]
[BlackTeam "France"]
[BlackTeamCountry "FRA"]
[TimeControl "40/5400+30:1800+30"]

1. c4 f5 2. g3 Nf6 3. Bg2 e5 4. Nc3 Bb4 5. Nd5 Bc5 6. e3 {[%emt 0:01:07] A21: English Opening: 1...e5 2 Nc3.} c6 7. Nc3 d6 {[%emt 0:09:32] [#]} 8. Nge2 $146 {[%emt 0:01:37] The position is equal.} ({Predecessor:} 8. d4 Bb4 9. Nge2 Be6 10. dxe5 dxe5 11. Qxd8+ Kxd8 12. b3 Nbd7 13. O-O Nc5 14. Rd1+ {1-0 (41) Repasky,K (1857)-Medvec,M (2009) Slovakia 2019}) 8... Be6 9. b3 O-O 10. O-O Bb6 11. d4 e4 12. Ba3 Bf7 13. f3 Re8 (13... exf3 $11 14. Rxf3 Qe7) 14. fxe4 $16 fxe4 {[%emt 0:00:25] [#]} 15. Rf4 (15. Rxf6 $1 $16 Qxf6 16. Nxe4) 15... d5 $14 16. cxd5 Bxd5 17. Qc2 (17. Nxd5 Nxd5 18. Rxe4 Nxe3 $11) 17... Bc7 18. Rff1 (18. Nxd5 Nxd5 19. Rxe4 Nxe3 $11) ({White should try} 18. Rh4 $16) 18... Ng4 19. Qd2 ({Inferior is} 19. Bxe4 Bxe4 20. Nxe4 Nxe3 $17) (19. Nxe4 $2 Nxe3 20. Qd3 Nxg2 $19) 19... Nd7 20. Nf4 Ndf6 21. h3 Nh6 22. Rac1 Qd7 (22... Bxf4 $5 23. gxf4 (23. Rxf4 Nh5 $11) 23... Nf5 $11) 23. Qf2 Nf7 24. Rc2 Ng5 (24... Rac8 $11 {remains equal.}) 25. g4 (25. Nfxd5 $16 cxd5 26. Qf5 Nf3+ 27. Rxf3 exf3 28. Qxd7 Nxd7 29. Bxf3) 25... Ba5 (25... Bf7 $1 $15) 26. Nce2 (26. Ncxd5 $14 cxd5 27. Qh4) 26... Nf3+ 27. Bxf3 (27. Kh1 $1 $11) 27... exf3 $17 28. Ng3 ({Don't blunder} 28. Nxd5 $2 Nxd5 29. Qxf3 Nxe3 $19) 28... Ne4 29. Nxe4 (29. Qxf3 $17 Nd2 30. Qe2 Nxf1 31. Nxf1) 29... Bxe4 $19 30. Rcc1 Bc7 {[%emt 0:00:56] A strong pair of Bishops.} 31. Nh5 a5 32. Ng3 Bxg3 33. Qxg3 a4 {[%emt 0:00:06] Hoping for ...axb3.} 34. Qd6 Qf7 35. b4 (35. Rc3) 35... Qxa2 {[%emt 0:00:10] Weighted Error Value: White=0.55/Black=0.22 (precise)} 0-1

[Event "Mitropa Cup Women 2022"]
[Site "Corte"]
[Date "2022.05.04"]
[Round "5.7"]
[White "Benmesbah, Natacha"]
[Black "Hapala, Elisabeth"]
[Result "1/2-1/2"]
[ECO "B40"]
[WhiteElo "2251"]
[BlackElo "2116"]
[Annotator "TA"]
[PlyCount "89"]
[EventDate "2022.04.30"]
[EventType "team-tourn"]
[EventCountry "FRA"]
[SourceTitle "playchess.com"]
[Source "ChessBase"]
[SourceQuality "1"]
[WhiteTeam "France"]
[BlackTeam "Austria"]
[WhiteTeamCountry "FRA"]
[BlackTeamCountry "AUT"]
[TimeControl "40/5400+30:1800+30"]

1. e4 c5 2. Nf3 e6 3. g3 Nc6 4. Bg2 Nf6 5. d3 Be7 6. O-O d6 7. Re1 O-O {[%emt 0:07:38] B30: Sicilian: 2...Nc6 3 Bb5, lines without ...g6.} 8. Qe2 e5 {[%emt 0:00:53] [#]} 9. Bg5 $146 ({Predecessor:} 9. c3 Bg4 10. h3 Bd7 11. Nbd2 Qc8 12. Kh2 Ne8 13. g4 Nc7 14. Nf1 Ne6 15. Ng3 g6 {0-1 (53) Espinoza Solano,J (1878)-Duarte,J (1938) Managua 2019}) 9... Bg4 10. Bxf6 Bxf6 11. c3 Qd7 12. Nbd2 g6 13. Nc4 h6 14. Ne3 Be6 15. h4 Bg7 16. h5 g5 (16... Ne7 {deserves consideration.}) 17. Nd2 Ne7 18. a4 Rad8 19. Ndc4 f5 20. exf5 Nxf5 21. Nxf5 Rxf5 22. Ne3 (22. d4 $5) 22... Rf7 23. Bd5 Rdf8 {[%emt 0:01:46] [#] Strongly threatening ...Bxd5.} 24. Rf1 Kh8 25. a5 Bxd5 26. Nxd5 Qh3 27. Ra4 (27. a6 $11) 27... Rf3 $1 $15 28. Ne7 {[%emt 0:17:01] Hoping for Ng6+.} (28. Nf4 $2 R3xf4 29. gxf4 gxf4 $19) 28... Qxh5 29. g4 (29. Qe4 $17 R8f7 30. Kg2) 29... Qf7 $2 (29... Qe8 $19 30. Kg2 Qxe7) 30. Nf5 $11 Rf4 31. Rxf4 gxf4 32. f3 Qg6 {[%emt 0:01:38] ...Rxf5 is the strong threat.} 33. Qe4 Qg5 $2 (33... d5 $11 34. Ne7 Qg5 35. Nxd5 (35. Ng6+ Kg8 $11) 35... h5) 34. Kf2 b6 35. axb6 axb6 36. Rh1 Rd8 (36... Qg6 $16 37. Rh5 Qe6) 37. Qd5 {[%emt 0:01:14][%mdl 1024] Threatens to win with Qf7. White has strong compensation.} Qf6 {[%emt 0:00:34] [#] Inhibits Qf7.} (37... Qg6 $142 38. Qb7 Rf8) 38. Ra1 $1 $18 Bf8 39. Kg2 (39. Ra7 $18) 39... Re8 (39... Rd7 $16 40. Qc6 (40. Ra8 Kh7 $16) 40... Rf7) 40. Kf2 $2 (40. Qb7 $18) 40... Qe6 (40... Rd8 $1 $11) 41. Qb7 {[%emt 0:04:51] White is much more active.} ({White should play} 41. Qc6 $14) 41... Qb3 $11 42. Kg1 b5 (42... Qxb2 $2 43. Ra7 Re7 44. Nxe7 $18) 43. Qd7 Ra8 44. Rxa8 Qd1+ 45. Kf2 {[%emt 0:00:08] White used his chance.  Weighted Error Value: White=0.40/Black=0.46} 1/2-1/2

[Event "Mitropa Cup Women 2022"]
[Site "Corte"]
[Date "2022.05.04"]
[Round "5.8"]
[White "Mayrhuber, Nikola"]
[Black "Schippke, Manon"]
[Result "1-0"]
[ECO "D31"]
[WhiteElo "2110"]
[BlackElo "2072"]
[Annotator "TA"]
[PlyCount "35"]
[EventDate "2022.04.30"]
[EventType "team-tourn"]
[EventCountry "FRA"]
[SourceTitle "playchess.com"]
[Source "ChessBase"]
[SourceQuality "1"]
[BlackTeam "France"]
[BlackTeamCountry "FRA"]
[TimeControl "40/5400+30:1800+30"]

1. d4 d5 2. c4 e6 3. Nc3 c6 4. Nf3 dxc4 5. g3 b5 6. Bg2 Nf6 7. e4 {[%emt 0:01:59] E04: Open Catalan: 5 Nf3.} ({White should try} 7. Ne5 $11) 7... Be7 $15 8. Ne5 O-O 9. a4 {[%emt 0:14:29] [#] Black is slightly better.} Bb4 $146 ({Black should play} 9... b4 $17 10. Ne2 c5) ({Predecessor:} 9... Bb7 10. Bg5 Nbd7 11. Nxd7 Qxd7 12. Bxf6 Bxf6 13. e5 Be7 14. Qg4 b4 15. Ne4 f5 16. exf6 Bxf6 17. Nxf6+ Rxf6 {1-0 (35) Baier,U-Hemmerling,F St Ingbert 1991}) 10. O-O $11 Bxc3 (10... a6 $11) 11. bxc3 $16 Bb7 12. Ng4 Nxg4 13. Qxg4 a6 (13... Qd7 $14) 14. e5 {[%emt 0:04:57] Strongly threatening Bg5.} Kh8 15. Bg5 $40 {[%emt 0:06:31][%mdl 128] White is up to no good.} (15. axb5 $1 $16 axb5 16. Bg5) 15... Qc7 $1 $14 {[%emt 0:00:33] [#]} 16. Be4 $1 {[%emt 0:08:06][%cal Oe4h7] aiming for Bxh7! White is much more active. This bishop pair is nice.} c5 $2 {[%emt 0:07:47][%mdl 8192] [#]} (16... Nd7 $16) 17. Bxh7 $1 $18 {[%emt 0:09:13][%mdl 512] Intending Qh4 and mate.} Kxh7 {[%emt 0:00:21] [#]} (17... Qd8 18. Bxd8) 18. Bf6 $1 {[%emt 0:00:18][%mdl 512] Weighted Error Value: White=0.21 (precise) /Black=0.78} 1-0

[Event "Mitropa Cup Women 2022"]
[Site "Corte"]
[Date "2022.05.05"]
[Round "6.1"]
[White "Zimina, Olga"]
[Black "Guichard, Pauline"]
[Result "0-1"]
[ECO "A46"]
[WhiteElo "2336"]
[BlackElo "2377"]
[Annotator "TA"]
[PlyCount "100"]
[EventDate "2022.04.30"]
[EventType "team-tourn"]
[EventCountry "FRA"]
[SourceTitle "playchess.com"]
[Source "ChessBase"]
[SourceQuality "1"]
[WhiteTeam "Italy"]
[BlackTeam "France"]
[WhiteTeamCountry "ITA"]
[BlackTeamCountry "FRA"]
[TimeControl "40/5400+30:1800+30"]

1. d4 Nf6 2. Nf3 e6 3. g3 d5 4. Bg2 Be7 5. c4 O-O 6. Nc3 dxc4 7. Ne5 Nc6 8. Bxc6 bxc6 9. Nxc6 Qe8 10. Nxe7+ Qxe7 11. Qa4 c5 12. dxc5 {[%emt 0:00:17] The main line 12.dxc5 scores better than 12.Qxc4. E06: Closed Catalan: Early deviations.} Qxc5 13. Be3 Qc7 14. Rd1 {[%emt 0:00:07] The position is equal.} Nd5 {[%emt 0:04:04] [#]} 15. Nxd5 $146 (15. Bd4 {is interesting.} Rd8 16. O-O Bd7 17. Qa3) ({Predecessor:} 15. Bd4 Bb7 16. Nxd5 exd5 17. f3 Rfe8 {½-½ (17) Babic,D (2459)-Turgut,T (2612) ICCF email 2017}) 15... exd5 16. O-O Be6 17. Rd4 Rab8 18. Qc2 Qe5 19. Rfd1 {[%emt 0:01:15] Hoping for Bf4.} Rb5 20. Qd2 Qf6 21. Bg5 Qg6 22. Bf4 {[%emt 0:00:23] Against Rfb8} h6 23. Qc3 Rc8 24. Be5 Rc6 25. Rf4 Ra6 (25... f6 $5 26. Bd4 Ra6 $11) 26. a3 Rc6 27. Qe3 Rb7 28. Bc3 Rc8 29. h4 Re8 {[%emt 0:11:18] [#]} (29... Re7 $11) 30. Qd4 ({White should play} 30. Rxd5 $1 $14 Qb1+ (30... Rbe7 31. Rd1) 31. Kh2) 30... Rbe7 31. Bb4 Rd7 32. Bc3 Rde7 33. Bb4 Rd7 34. Bc3 f6 35. Bb4 h5 (35... Bf5 {feels hotter.} 36. Re1 Be4 37. Kh2 Qf7) 36. Qd2 Bg4 37. Re1 Qf7 38. Rd4 Qe6 39. Kf1 Bf5 {[%emt 0:02:33] White must now prevent ...Be4.} 40. Kg1 Bg4 41. Qf4 Bf5 (41... Bxe2 $2 42. Rd2 Qg4 43. Qxg4 hxg4 44. Rexe2 $18) 42. Red1 Bg6 43. R1d2 (43. R4d2 $11 {feels stronger.}) 43... Qh3 $1 $15 44. Bd6 $2 {[%emt 0:06:14][%mdl 8192] This costs White the game.} (44. g4 $15) 44... Be4 $19 ({Worse is} 44... Re4 45. Rxe4 dxe4 46. Bb4 $11) 45. f3 {[%emt 0:00:09] [#]} Bd3 46. Rxd5 (46. e4 Qf1+) 46... Bxe2 47. Rd1 Bxd1 48. Rxd1 Qe6 (48... Kh8 $142 49. Qxc4 {[#]} Rxd6 $1 50. Qf1 Qxg3+ 51. Kh1 Rde6 52. f4 Re2 53. Qxe2 Rxe2 54. Rd8+ Kh7 55. Rh8+ Kxh8 56. f5 Qh2#) 49. Rd2 Qe1+ 50. Kg2 Re2+ {[%emt 0:00:07] Weighted Error Value: White=0.53/Black=0.20 (precise)} 0-1

[Event "Mitropa Cup Women 2022"]
[Site "Corte"]
[Date "2022.05.05"]
[Round "6.1"]
[White "Hakimifard, Ghazal"]
[Black "Unuk, Laura"]
[Result "1/2-1/2"]
[ECO "C77"]
[WhiteElo "2288"]
[BlackElo "2338"]
[Annotator "TA"]
[PlyCount "42"]
[EventDate "2022.04.30"]
[EventType "team-tourn"]
[EventCountry "FRA"]
[SourceTitle "playchess.com"]
[Source "ChessBase"]
[SourceQuality "1"]
[WhiteTeam "Switzerland"]
[BlackTeam "Slovenia"]
[WhiteTeamCountry "SUI"]
[BlackTeamCountry "SLO"]
[TimeControl "40/5400+30:1800+30"]

1. e4 {[%emt 0:00:03] McShane,L} e5 2. Nf3 Nc6 3. Bb5 a6 4. Ba4 Nf6 5. d3 Bc5 6. O-O b5 7. Bb3 d6 8. c3 h6 9. Re1 {[%emt 0:01:08] Recently 9.Nbd2 got a lot of attention. C78: Ruy Lopez: Archangelsk and Möller Defences.} O-O 10. Nbd2 Ne7 11. Nf1 Ng6 12. Ng3 {[%emt 0:02:30] [#]} Rb8 $146 ({Predecessor:} 12... Re8 13. h3 Bb7 14. Nh2 d5 15. Qf3 Nh4 16. Qe2 Ng6 17. Ng4 Nf4 18. Qf3 dxe4 19. dxe4 Nxg4 20. hxg4 {1-0 (56) McShane,L (2664)-Tkachiev,V (2636) Wijk aan Zee 2011 CBM 141 [McShane,L]}) 13. h3 Re8 14. d4 Bb6 15. Be3 exd4 16. Nxd4 {[%emt 0:13:12][%cal Bf3d4,Bd4f5,Bf5g7][%mdl 32] [#] Strongly threatening Nc6.} Bb7 {[%emt 0:11:10] Inhibits Nc6.} 17. Ndf5 {[%emt 0:14:20] Bxb6 is the strong threat.} Bxe3 18. Rxe3 Nxe4 19. Nxg7 Qf6 (19... Kxg7 $15 {keeps the upper hand.} 20. Nxe4 (20. Qd4+ $2 Re5 $19) 20... Bxe4 21. Qd4+ Qf6 22. Rxe4 Qxd4 23. Rxd4 Re2) 20. N3f5 (20. N7f5 $16) 20... Re5 $14 21. Rf3 (21. Bc2 $1 $14) 21... Kh8 {[%emt 0:06:52] Weighted Error Value: White=0.14 (very precise) /Black=0.12 (very precise)} (21... Qg5 $11 22. h4 Nxh4 23. Nxh4 Qxh4 24. Rxf7 d5) 1/2-1/2

[Event "Mitropa Cup Women 2022"]
[Site "Corte"]
[Date "2022.05.05"]
[Round "6.1"]
[White "Medic, Mirjana"]
[Black "Schulze, Lara"]
[Result "1-0"]
[ECO "D05"]
[WhiteElo "2167"]
[BlackElo "2303"]
[Annotator "TA"]
[PlyCount "95"]
[EventDate "2022.04.30"]
[EventType "team-tourn"]
[EventCountry "FRA"]
[SourceTitle "playchess.com"]
[Source "ChessBase"]
[SourceQuality "1"]
[WhiteTeam "Croatia"]
[BlackTeam "Germany"]
[WhiteTeamCountry "CRO"]
[BlackTeamCountry "GER"]
[TimeControl "40/5400+30:1800+30"]

1. d4 d5 2. Nf3 Nf6 3. e3 e6 4. c4 b6 5. Nc3 Bb7 6. Bd3 Bd6 7. O-O O-O 8. b3 Nbd7 9. Bb2 Re8 {[%emt 0:00:08] E14: Queen's Indian: Classical Variation (4 e3).} 10. Re1 c5 11. cxd5 exd5 {[%emt 0:01:27] [#] White has an edge.} 12. dxc5 $146 ({Predecessor:} 12. Rc1 a6 13. Bf5 Rc8 14. dxc5 bxc5 15. Na4 Rc7 16. Bh3 Ne4 17. Nc3 {½-½ (41) Fier,A (2573)-Vasquez Schroder,R (2494) Roquetas de Mar 2022}) 12... bxc5 13. Bf5 Qe7 14. Rc1 Ne5 (14... Rad8 $11 {feels stronger.}) 15. Nb5 $14 Nxf3+ 16. Qxf3 {[%emt 0:00:13] Bxf6 is the strong threat.} d4 $1 17. Qh3 {[%emt 0:00:36][%cal Ob3b4] [#]} g6 (17... Bf4 $1 $11) 18. Nxd6 Qxd6 19. Bd3 Nd5 20. Bb5 {[%emt 0:07:48] A strong pair of Bishops.} Re6 (20... Re5 $14 {was preferrable.}) 21. Qg3 ({White should try} 21. exd4 $16 {Strongly threatening Rxe6.} Rxe1+ 22. Rxe1) 21... Qxg3 22. hxg3 dxe3 23. fxe3 Nxe3 24. Rxc5 Rd8 25. Bc3 {[%emt 0:01:13] Prevents Rd2.} Nd5 {[%emt 0:08:51] Against Rc7} (25... a6 $11 26. Bc4 Nxc4 27. Rxe6 fxe6 28. Rxc4 Rd1+ 29. Kf2 Bd5 30. Rc8+ Kf7) 26. Rxe6 fxe6 27. Be5 Ne3 28. Rc7 Rd1+ 29. Kf2 Ng4+ 30. Ke2 Rd5 31. Rxb7 {[%emt 0:01:57] White is more active.} Rxe5+ $16 {[%emt 0:00:06][%mdl 4096] Endgame KRB-KRN} 32. Kd2 Nf6 33. Bd3 (33. Bc4 $16) 33... Rg5 (33... a5 $1 $11 {remains equal.}) 34. Rxa7 Rxg3 {[%emt 0:00:02] [#]} 35. Bf1 Ne4+ 36. Kc2 {[%emt 0:00:57] Threatens to win with b4.} Rc3+ 37. Kb2 Re3 $2 (37... Rg3 {was necessary.}) 38. Rc7 {[%emt 0:02:03] Hoping for a4.} h5 $2 (38... Kf8 39. Rxh7 Rg3) 39. b4 Nd2 40. Ba6 h4 41. Rc2 {[%emt 0:30:36] White is clearly winning.} Ne4 42. b5 Nd6 43. b6 Re5 (43... Kf8 $142 44. b7 Nxb7 45. Bxb7 Ke7) 44. Rc6 Rd5 45. a4 ({Worse is} 45. b7 Nxb7 46. Rxe6 (46. Bxb7 Rb5+ 47. Kc2 Rxb7 $11) 46... Kf7 $11) 45... Kf7 46. b7 Nxb7 47. Rc7+ Kf6 48. Bxb7 {[%emt 0:00:00] Weighted Error Value: White=0.16 (very precise) /Black=0.43} 1-0

[Event "Mitropa Cup Women 2022"]
[Site "Corte"]
[Date "2022.05.05"]
[Round "6.2"]
[White "Navrotescu, Andreea"]
[Black "Brunello, Marina"]
[Result "0-1"]
[ECO "A46"]
[WhiteElo "2318"]
[BlackElo "2349"]
[Annotator "TA"]
[PlyCount "74"]
[EventDate "2022.04.30"]
[EventType "team-tourn"]
[EventCountry "FRA"]
[SourceTitle "playchess.com"]
[Source "ChessBase"]
[SourceQuality "1"]
[WhiteTeam "France"]
[BlackTeam "Italy"]
[WhiteTeamCountry "FRA"]
[BlackTeamCountry "ITA"]
[TimeControl "40/5400+30:1800+30"]

1. d4 Nf6 2. Nf3 e6 3. e3 b6 4. Bd3 Bb7 5. O-O Be7 6. c4 d5 7. b3 O-O 8. Bb2 c5 {[%emt 0:02:20] E14: Queen's Indian: Classical Variation (4 e3).} 9. cxd5 Nxd5 10. a3 {[%emt 0:02:24] [#]} Nd7 $146 {[%emt 0:03:08] The position is equal.} ({Predecessor:} 10... cxd4 11. Nxd4 Bf6 12. Nd2 Nc6 13. Ne4 Nxd4 14. Nxf6+ Qxf6 15. Bxd4 e5 16. Qh5 Rfe8 17. Qxh7+ {0-1 (28) Tarun,K (2309)-Nozdrachev,L (2370) Chess.com INT 2021}) 11. e4 (11. Nbd2 $11 {keeps the balance.}) 11... Nf4 $17 12. Bc2 cxd4 {[%emt 0:06:41] Black is more active.} 13. Nxd4 Bf6 14. g3 Ng6 15. f3 (15. Qe2 $15) 15... Ne7 (15... b5 $17 {Threatens to win with ...Qb6.} 16. a4 b4) 16. Nc3 $15 Nc6 17. Ndb5 (17. Ncb5 $11 {remains equal.}) 17... Ba6 ({Black should play} 17... Qe7 $1 {Hoping for ...a6.} 18. Rf2 Nde5) 18. a4 $17 Nc5 19. Rf2 Bxb5 20. axb5 Nd4 (20... Na5 $15 21. Re2 (21. Rd2 Qc7 $15) 21... Qxd1+ 22. Rxd1 Ncxb3) 21. Kg2 (21. b4 $11 Nxc2 22. Qxc2) 21... Nxc2 $15 22. Qxc2 {[#]} Qd3 $1 23. Ra3 $2 {[%emt 0:07:22][%mdl 8192] [#] This move loses the game for White.} (23. b4 $17 {is more resistant.} Qxc2 24. Rxc2) 23... Qxc2 $1 $19 {[%emt 0:00:12] Black is clearly winning.} 24. Rxc2 Nd3 {[%emt 0:00:06] White must now prevent ...Ne1+.} 25. Rd2 Nxb2 26. Ne2 Rfd8 27. Rxd8+ Rxd8 28. Rxa7 g5 29. Rb7 Rd2 30. Kf1 Rd3 31. Rxb6 (31. f4 $142 gxf4 32. Rb8+ Kg7 33. Nxf4 Rxb3 34. Nh5+ Kg6 35. Nf4+ Kg7 36. Nh5+ Kg6 37. Nf4+ Kh6 38. Rb7) 31... Rxf3+ 32. Kg2 Rxb3 33. h4 h6 34. hxg5 hxg5 35. g4 Be5 36. Nc1 Rg3+ 37. Kf1 Rxg4 {[%emt 0:00:18] Weighted Error Value: White=0.64/Black=0.14 (very precise)} 0-1